 Dungeon Crawl Stone Soup version 0.32-a0-42-ga30500b4d3 (webtiles) character file.

Game seed: 16266354238760628159

221494 Newt the Markskobold (level 19, 0/113 HPs)
             Began as a Kobold Hunter on Jan 29, 2024.
             Was the Champion of Hepliaklqana.
             Killed themself with a badly aimed burst of rock shards (8 damage)
             ... on level 4 of the Snake Pit.
             The game lasted 00:54:56 (34340 turns).

Newt the Markskobold (Kobold Hunter)               Turns: 34340, Time: 00:54:57

Health: 0/113      AC:  8    Str: 13    XL:     19   Next: 97%
Magic:  7/10       EV: 30    Int: 10    God:    Hepliaklqana [******]
Gold:   1450       SH: 16    Dex: 24    Spells: 21/36 levels left

rFire   + + .        m - +6 hand cannon of Causality {antimagic, rF+ Will+}
rCold   + . .        W - +2 kite shield {reflect}
rNeg    . . .        F - +0 troll leather armour
rPois   +            e - +0 helmet of Faurehi {rF+ Str+3 Dex-4 SInv}
rElec   .            p - scarf "Kujaseir" {repulsion, rC+}
rCorr   .            y - +0 pair of gloves {infuse}
SInv    +            Z - +0 pair of boots of the Immovable Prophets {Dex+3}
Will    ++...        w - amulet of regeneration
Stlth   +++          s - ring of poison resistance
HPRegen 1.98/turn    S - ring of the Octopus King {Fly HP+2 AC+2 EV+2 SH+2}
MPRegen 0.12/turn

%: repel missiles, reflection, infuse magic (1 MP)
@: weakened, flying
A: reduced essence, small, no large weapons, nightstalker 3, mutation resistance
1, MP-powered wands
}: 1/15 runes: barnacled
a: Renounce Religion, Recall Ancestor, Ancestor Identity, Transference, Idealise


You were on level 4 of the Snake Pit.
You worshipped Hepliaklqana.
Hepliaklqana was exalted by your worship.
You visited 6 branches of the dungeon, and saw 31 of its levels.
You also visited: Gauntlet and Volcano.

You collected 3604 gold pieces.
You spent 2154 gold pieces at shops.

Inventory:

Hand Weapons
 m - the +6 hand cannon of Causality (weapon) {antimagic, rF+ Will+}
   (You acquired it on level 2 of the Snake Pit)

   rF+:       It protects you from fire.
   Will+:     It increases your willpower.
 R - the +6 arbalest of the Hurting Soothsayer {penet, Str+3}
   (You bought it in a shop on level 3 of the Dungeon)

   Str+3:     It affects your strength (+3).
Armour
 e - the +0 helmet of Faurehi (worn) {rF+ Str+3 Dex-4 SInv}
   (You found it in a Gauntlet)

   Str+3:     It affects your strength (+3).
   Dex-4:     It affects your dexterity (-4).
   rF+:       It protects you from fire.
   SInv:      It lets you see invisible.
 p - the scarf "Kujaseir" (worn) {repulsion, rC+}
   (You found it in a Gauntlet)

   rC+:       It protects you from cold.
 y - a +0 pair of gloves of infusion (worn)
 F - a +0 troll leather armour (worn)
 W - a +2 kite shield of reflection (worn)
 Z - the +0 pair of boots of the Immovable Prophets (worn) {Dex+3}
   (You found it in a Gauntlet)

   Dex+3:     It affects your dexterity (+3).
Jewellery
 q - a ring of willpower
 s - a ring of poison resistance (left hand)
 t - a ring of protection from cold
 w - an amulet of regeneration (around neck)
 x - a +4 ring of protection
 M - a +6 ring of dexterity
 S - a ring of the Octopus King (right hand) {Fly HP+2 AC+2 EV+2 SH+2}
   (You found it on level 5 of the Lair of Beasts)

   [ring of flight]

   AC+2:      It affects your AC (+2).
   EV+2:      It affects your evasion (+2).
   HP+2:      It affects your health (+2).
   Fly:       It grants you flight.
   SH+2:      It affects your SH (+2).
Wands
 r - a wand of mindburst (40)
 u - a wand of digging (9)
 z - a wand of polymorph (17)
 E - a wand of flame (51)
 J - a wand of roots (64)
 O - a wand of charming (31)
 Y - a wand of light (2)
Scrolls
 d - a scroll of torment
 j - 3 scrolls of revelation
 n - 6 scrolls of fog
 o - a scroll of silence
 A - a scroll of blinking
 B - 2 scrolls of fear
 G - 11 scrolls of identify
 H - 6 scrolls of poison
 I - 2 scrolls of enchant weapon
 L - 5 scrolls of teleportation
Potions
 b - 4 potions of mutation
 c - 3 potions of cancellation
 f - 5 potions of attraction
 g - 3 potions of lignification
 h - 3 potions of resistance
 i - 4 potions of haste
 k - 5 potions of brilliance
 l - 3 potions of might
 v - 5 potions of curing
 C - 2 potions of ambrosia
 D - 2 potions of heal wounds
 N - a potion of berserk rage
 T - 3 potions of enlightenment
 V - 2 potions of magic
Miscellaneous
 a - a sack of spiders
 K - a phial of floods
 P - a tin of tremorstones (1/2)
 U - a lightning rod (4/4)


   Skills:
 - Level 15.2 Fighting
 - Level 16.7 Ranged Weapons
 - Level 16.6 Dodging
 - Level 1.3 Stealth
 + Level 7.6 Shields
 - Level 9.2 Spellcasting
 - Level 8.8 Hexes
 - Level 4.1 Necromancy
 - Level 8.9 Translocations
 - Level 10.0 Earth Magic
 - Level 10.0 Alchemy
 - Level 9.0 Invocations
 - Level 12.3 Evocations


You had 21 spell levels left.
You knew the following spells:

 Your Spells              Type           Power      Damage    Failure   Level
a - Leda's Liquefaction   Alch/Erth      12%        N/A       9%          4
b - Petrify               Alch/Erth      24%        N/A       9%          4
c - Dimensional Bullseye  Hex/Tloc       11%        N/A       14%         4
d - Fugue of the Fallen   Necr           12%        N/A       28%         3

Your spell library contained the following spells:

 Spells                   Type           Power      Damage    Failure   Level
 Slow                     Hex            88%        N/A       1%          1
 Blink                    Tloc           44%        N/A       1%          2
 Lesser Beckoning         Tloc           44%        N/A       1%          2
 Passwall                 Erth           24%        N/A       2%          3
 Confusing Touch          Hex            22%        N/A       4%          3
 Gell's Gravitas          Tloc           22%        N/A       4%          3
 Sigil of Binding         Hex            22%        N/A       4%          3
 Teleport Other           Tloc           22%        N/A       4%          3
 Mercury Vapours          Alch/Air       28%        N/A       10%         2
 Cigotuvi's Dreadful Rot  Necr/Alch/Air  28%        N/A       12%         2
 Ensorcelled Hibernation  Hex/Ice        26%        N/A       13%         2
 Momentum Strike          Conj/Tloc      26%        3d8       13%         2
 Sublimation of Blood     Necr           12%        N/A       14%         2
 Manifold Assault         Tloc           22%        N/A       14%         4
 Stone Arrow              Conj/Erth      28%        3d8       21%         3
 Kiss of Death            Conj/Necr      32%        2d7       22%         1
 Lee's Rapid Deconstruct  Erth           12%        3d8*      24%         5
 Dazzling Flash           Conj/Hex       26%        N/A       26%         3
 Vampiric Draining        Necr           12%        2d6       28%         3
 Mephitic Cloud           Conj/Alch/Air  11%        N/A       38%         3
 Magic Dart               Conj           16%        1d3       47%         1
 Summon Small Mammal      Summ           16%        N/A       47%         1
 Animate Armour           Summ/Erth      28%        N/A       56%         4
 Brom's Barrelling Bould  Conj/Erth      14%        2d4       56%         4
 Borgnjor's Vile Clutch   Necr/Erth      9%         N/A       61%         5
 Call Imp                 Summ           8%         N/A       63%         2
 Scorch                   Fire           8%         2d5       63%         2
 Animate Dead             Necr           12%        N/A       67%         4
 Dispel Undead            Necr           12%        3d9       67%         4
 Call Canine Familiar     Summ           4%         N/A       85%         3
 Frozen Ramparts          Ice            8%         1d2       85%         3
 Ozocubu's Armour         Ice            4%         N/A       85%         3
 Swiftness                Air            4%         N/A       85%         3
 Irradiate                Conj/Alch      7%         3d14      88%         5
 Martyr's Knell           Necr/Summ      8%         N/A       92%         4
 Metabolic Englaciation   Hex/Ice        6%         N/A       93%         5
 Silence                  Hex/Air        6%         N/A       93%         5
 Summon Forest            Summ/Tloc      6%         N/A       93%         5
 Summon Mana Viper        Hex/Summ       13%        N/A       93%         5
 Curse of Agony           Necr           12%        N/A       95%         5
 Flame Wave               Conj/Fire      4%         2d5       99%         4
 Summon Blazeheart Golem  Fire/Summ      4%         N/A       99%         4
 Fireball                 Conj/Fire      2%         3d4       100%        5
 Freezing Cloud           Conj/Ice/Air   2%         6-21      100%        5
 Iskenderun's Battlesphe  Conj           4%         2d6       100%        5
 Bombard                  Conj/Erth      7%         9d2       100%        6
 Conjure Ball Lightning   Conj/Air       2%         3x3d6     100%        6
 Death Channel            Necr           6%         N/A       100%        6
 Summon Cactus Giant      Summ           2%         N/A       100%        6
 Orb of Destruction       Conj           2%         9d5       100%        7
 Lehudib's Crystal Spear  Conj/Erth      7%         10d3      100%        8


Dungeon Overview and Level Annotations

Branches:
Dungeon (15/15)            Temple (1/1) D:4            Lair (5/5) D:10
 Shoals (4/4) Lair:2        Snake (4/4) Lair:2        Slime (0/5) Lair:5
    Orc (2/2) D:12            Elf (0/3) Orc:2        Vaults (0/5) D:14
 Depths (0/4) D:15        Volcano (visited)         Gauntlet (visited)

Altars:
Ashenzari
Cheibriados
Dithmenos
Elyvilon
Fedhas
Gozag
Hepliaklqana
Kikubaaqudgha
Makhleb
Nemelex Xobeh
Okawaru
Qazlal
Ru
Sif Muna
Trog
Uskayaw
Vehumet
Wu Jian
Xom
Yredelemnul
Zin
The Shining One
Jiyva

Shops:
D:3 (   Orc:2 (?*[[   Shoals:1 [   Snake:2 *::?*   Snake:4 =:=

Portals:
Abyss: Lair:1

Annotations:
D:5 1 runed translucent door, Azoth's ghost, novice NaHu
D:15 3 runed translucent doors
Orc:1 2 transporters


Innate Abilities, Weirdness & Mutations

Your life essence is reduced to manifest your ancestor. (-10% HP)
You are small and have problems with some larger weapons.
You are completely attuned to the shadows.
You are somewhat resistant to further mutation.
You expend magic power (3 MP) to strengthen your wands.


Message History

The naga hits you with a +0 long sword!
A salamander comes into view.
You shoot a bolt. The bolt hits the naga!
You kill the naga!
The salamander hits you from afar with a +0 trident of flaming!
You are engulfed in flames.
You resist.
The naga warrior hits you with a +3 heavy mace!
* * * LOW HITPOINT WARNING * * *
You block the naga warrior's attack. You block the naga's attack. x2
The guardian serpent completely misses you.
Blink to where?
Press: ? - help, Dir - move target
As you read the scroll of blinking, it crumbles to dust.
The tremorstone explodes into fragments!
The burst of rock shards engulfs the guardian serpent!!
The burst of rock shards engulfs the naga.
The burst of rock shards engulfs the naga warrior! x2
The burst of rock shards engulfs the guardian serpent!
The burst of rock shards engulfs the naga!
The burst of rock shards engulfs you!
* * * LOW HITPOINT WARNING * * *
The burst of rock shards engulfs the naga!
You kill the naga!
The burst of rock shards engulfs the guardian serpent!
The burst of rock shards engulfs the naga warrior!
The burst of rock shards engulfs you!
* * * LOW HITPOINT WARNING * * *
The burst of rock shards engulfs the guardian serpent!
The burst of rock shards engulfs the naga warrior!!
Unknown command.
Unknown command.
Unknown command.
The tremorstone explodes into fragments!
The burst of rock shards engulfs the naga warrior!
You kill the naga warrior!
The burst of rock shards engulfs the guardian serpent!
You kill the guardian serpent!
The burst of rock shards engulfs the salamander!!
The burst of rock shards engulfs you!
You die...

....#....................##......
.........................##.#####
..................##......#.# #
#.......R###.....####.......# #
........## ##....# ##......# . #
.........# #....# #......# ..#
.........####....# ##.....# ...
#.........N##○)..## ......#####
#.......)NN)N.).@.####...........
...##...$.#######................
....#...†)..S. #...........###.
..<.##...NN... #..........## #.
....#########. #..........# ##
..### ##.###......# # .## ###..#
##.....# # #####...## ##....## #
........### #.....## #


You could see a salamander (strong).

Vanquished Creatures
  Jorgrun (Orc:2)
  Polyphemus (Shoals:2)
  2 krakens
  A titan (Shoals:1)
  Kirke (D:13)
  The ghost of drugrobin the Spry, an adept DgDe (Shoals:2)
  Roxanne (Snake:4)
  Ilsuiw (Shoals:2)
  A frost giant (Shoals:1)
  A formless jellyfish (Shoals:4)
  A quicksilver ooze (Gauntlet)
  A stone giant (Shoals:1)
  Nessos (Lair:4)
  A minotaur (Gauntlet)
  3 merfolk impalers (Shoals:4)
  5 merfolk javelineers
  Josephine (D:13)
  An ettin (D:15)
  The ghost of CougarLife the Severer, a journeyman MiBe of Trog (D:11)
  A salamander tyrant (Snake:4)
  3 hydras
  2 rakshasas (Lair:1)
  A catoblepas (Shoals:2)
  The ghost of bakla the Nimble, a journeyman FeAl of Wu Jian (Lair:1)
  4 anacondas
  Erica (D:11)
  An ogre mage (Orc:2)
  3 boulder beetles
  3 centaur warriors
  4 merfolk aquamancers
  5 merfolk avatars
  3 two-headed ogres
  2 satyrs (Shoals:4)
  8 naga warriors
  3 death yaks
  2 tengu warriors (D:15)
  4 shock serpents (Snake:1)
  Sonja (Lair:4)
  3 orc high priests (Orc:2)
  A hell knight (D:15)
  A deep elf knight (D:14)
  2 salamander mystics
  3 skeletal warriors (D:14)
  4 skysharks
  3 naga sharpshooters
  Lodul (D:12)
  12 sea snakes
  4 mana vipers
  5 orc knights
  19 harpies
  3 naga ritualists
  A deep elf zephyrmancer (D:14)
  3 deep elf pyromancers
  4 orc sorcerers
  13 manticores
  2 fauns
  An oklob plant (Lair:5)
  8 ugly things
  A worldbinder (Lair:1)
  4 kobold blastminers
  9 cyclopes
  5 salamanders
  8 merfolk sirens
  Maurice (D:7)
  9 centaur zombies (D:11)
  23 elephants
  19 black mambas
  3 guardian serpents
  An orange demon (Lair:3)
  8 naga magi
  3 water nymphs
  A molten gargoyle (D:15)
  2 torpor snails (Lair:5)
  2 gargoyles
  2 large abominations (Gauntlet)
  11 cane toads
  7 komodo dragons
  6 kobold demonologists
  7 rime drakes
  4 tengu conjurers (D:15)
  3 polar bears
  11 merfolk
  Grinder (D:4)
  10 trolls
  5 wind drakes
  9 blink frogs
  5 dream sheep
  12 snapping turtles
  6 slime creatures (D:13)
  2 shadows
  A spriggan (Lair:1)
  Sigmund (D:4)
  9 water elementals
  3 wyverns
  A ynoxinul (Lair:1)
  4 hogs (D:13)
  A fire elemental (D:15)
  18 yaks
  4 steam dragons
  6 wraiths
  A basilisk (Lair:5)
  2 fire bats (Volcano)
  13 wargs
  2 vampire mosquitoes (D:13)
  A hell hound (D:9)
  29 nagas
  5 small abominations (Gauntlet)
  12 water moccasins
  Duvessa (D:7)
  A sky beast (D:7)
  2 black bears
  10 ogres
  16 orc warriors
  6 wolves
  12 centaurs
  19 kobold brigands
  Blork the orc (D:4)
  9 bullfrogs
  4 gnoll sergeants
  3 scorpions
  6 wights
  Dowan (D:7)
  6 killer bees (D:10)
  5 howler monkeys
  6 electric eels
  2 lava snakes (D:15)
  6 hounds
  27 orc priests
  4 gnoll boudas (D:9)
  3 jellies
  An iguana (D:5)
  28 orc wizards
  A howler monkey zombie (D:11)
  Robin (D:4)
  12 gnolls
  11 adders
  2 white imps
  2 ufetubi (D:7)
  2 ribbon worms (D:3)
  5 dart slugs
  74 orcs
  4 bats
  12 endoplasms
  2 giant cockroaches (D:1)
  13 goblins
  10 hobgoblins
  3 quokkas
  5 ball pythons
  6 frilled lizards
  19 kobolds
  4 rats
  3 tentacles
854 creatures vanquished.

Vanquished Creatures (collateral kills)
  Saint Roka (Snake:4)
  Aizul (Snake:2)
  Donald (Snake:3)
  A nagaraja (Snake:4)
  A frost giant (Shoals:1)
  A merfolk javelineer (Shoals:4)
  A merfolk impaler (Shoals:4)
  A salamander tyrant (Snake:4)
  3 hydras
  2 anacondas (Snake:4)
  An alligator snapping turtle (Shoals:1)
  A merfolk avatar (Shoals:1)
  A centaur warrior (D:13)
  A merfolk aquamancer (Shoals:4)
  A two-headed ogre (Volcano)
  4 death yaks
  A tengu warrior (D:14)
  3 naga warriors
  2 shock serpents
  2 naga sharpshooters
  Amaemon (Lair:3)
  A skyshark (Shoals:1)
  8 sea snakes
  2 mana vipers
  An orc knight (Orc:2)
  5 harpies (Shoals:4)
  5 cyclopes
  A large abomination (Gauntlet)
  2 ugly things
  2 orc sorcerers
  3 manticores
  3 salamanders
  A centaur zombie (D:11)
  10 black mambas
  6 elephants
  Joseph (D:7)
  Maggie (D:9)
  3 merfolk sirens
  A water nymph (Shoals:4)
  5 cane toads
  3 naga magi
  A torpor snail (Lair:2)
  3 guardian serpents
  6 rime drakes
  3 komodo dragons
  A yaktaur (D:15)
  An unseen horror (D:13)
  A kobold demonologist (D:9)
  4 merfolk
  3 wind drakes
  4 blink frogs (Lair:5)
  A dream sheep (Lair:5)
  A slime creature (D:13)
  A shadow (D:11)
  3 wyverns
  A snapping turtle (Shoals:4)
  6 water elementals
  18 yaks
  A basilisk (shapeshifter) (D:14)
  A fire bat (Volcano)
  4 wargs
  2 vampire mosquitoes (D:13)
  12 nagas
  3 water moccasins
  A hell hound (D:9)
  An acid dragon (D:13)
  5 orc warriors
  A black bear (Lair:3)
  4 ogres
  2 wolves
  3 centaurs
  3 kobold brigands
  2 bullfrogs
  2 gnoll sergeants (D:9)
  2 wights
  2 killer bees (D:10)
  A howler monkey (D:9)
  5 orc priests
  7 orc wizards
  An ufetubus (D:7)
  13 orcs
  A tentacle (Shoals:1)
232 creatures vanquished.

Vanquished Creatures (others)
  2 naga sharpshooters (Snake:3)
  A sea snake (Shoals:4)
  A basilisk (D:15)
  An orc priest (Orc:2)
  22 knights
  2 ancestors (D:7)
  An ufetubus (D:7)
  13 tentacles
43 creatures vanquished.

Grand Total: 1129 creatures vanquished

Notes
Turn   | Place    | Note
-------+----------+-------------------------------------------
     0 | D:1      | Newt the Kobold Hunter began the quest for the Orb.
     0 | D:1      | Reached XP level 1. HP: 12/12 MP: 1/1
   116 | D:1      | Reached XP level 2. HP: 18/18 MP: 2/2
   439 | D:1      | Reached XP level 3. HP: 22/22 MP: 3/3
  1026 | D:2      | Found an ornate altar of the Wu Jian Council.
  1238 | D:2      | Reached XP level 4. HP: 28/28 MP: 4/4
  1596 | D:3      | Reached XP level 5. HP: 30/32 MP: 5/5
  1696 | D:3      | Found Jeaduplu's Weapon Shoppe.
  1841 | D:3      | Reached XP level 6. HP: 16/38 MP: 6/6
  2141 | D:3      | Noticed an air elemental
  2142 | D:3      | Found a stormy altar of Qazlal.
  2145 | D:3      | Noticed a fire elemental
  2145 | D:3      | Noticed a water elemental
  2446 | D:4      | Noticed Grinder
  2450 | D:4      | Paralysed by Grinder for 4 turns
  2462 | D:4      | Paralysed by Grinder for 2 turns
  2466 | D:4      | Paralysed by Grinder for 2 turns
  2473 | D:4      | Killed Grinder
  2474 | D:4      | Reached XP level 7. HP: 10/44 MP: 7/7
  2577 | D:4      | Reached skill level 5 in Fighting
  2582 | D:4      | Noticed Blork the orc
  2597 | D:4      | Killed Blork the orc
  2711 | D:4      | Noticed Robin
  2739 | D:4      | Killed Robin
  2876 | D:4      | Found a staircase to the Ecumenical Temple.
  2906 | D:4      | Noticed Sigmund
  2923 | D:4      | Killed Sigmund
  2924 | D:4      | Reached skill level 10 in Ranged Weapons
  2924 | D:4      | Reached XP level 8. HP: 17/51 MP: 8/8
  3100 | Temple   | Entered the Ecumenical Temple
  3167 | Temple   | Became a worshipper of Hepliaklqana the Forgotten
  3457 | D:4      | Found a snail-covered altar of Cheibriados.
  3547 | D:5      | Entered Level 5 of the Dungeon
  3754 | D:5      | Found a runed translucent door.
  3755 | D:5      | Noticed Azoth's ghost (novice NaHu)
  3771 | D:5      | Found the +5 Force Lance {heavy, knockback}
  3824 | D:5      | HP: 1/51 [orc priest/divine providence (10)]
  4302 | D:5      | HP: 2/51 [centaur (4)]
  5173 | D:6      | Reached XP level 9. HP: 37/56 MP: 9/9
  5460 | D:6      | Reached * piety under Hepliaklqana
  5601 | D:6      | Found a glowing silver altar of Zin.
  5608 | D:6      | Found a bloodstained altar of Trog.
  5608 | D:6      | Found a sparkling altar of Nemelex Xobeh.
  5608 | D:6      | Found a blossoming altar of Fedhas.
  6127 | D:7      | Reached skill level 5 in Dodging
  6391 | D:7      | Noticed Joseph
  6471 | D:7      | Killed Joseph
  7233 | D:7      | Noticed Duvessa
  7234 | D:7      | Noticed Dowan
  7246 | D:7      | Killed Duvessa
  7246 | D:7      | Noticed Maurice
  7253 | D:7      | Killed Dowan
  7267 | D:7      | Something stole a ring of ice
  7281 | D:7      | Killed Maurice
  7282 | D:7      | Reached XP level 10. HP: 41/58 MP: 3/10
  7670 | D:7      | Reached ** piety under Hepliaklqana
  7671 | D:7      | Remembered your ancestor Udjahorresnet as a knight
  8545 | D:9      | Reached skill level 10 in Dodging
  8874 | D:9      | Reached skill level 10 in Fighting
  9023 | D:9      | Reached XP level 11. HP: 30/64 MP: 11/11
  9087 | D:9      | Noticed a cyclops
  9099 | D:9      | Killed a cyclops
  9269 | D:9      | Noticed a two-headed ogre
  9306 | D:9      | Killed a two-headed ogre
  9548 | D:9      | Noticed a two-headed ogre
  9555 | D:9      | Killed a two-headed ogre
  9604 | D:9      | Reached skill level 1 in Evocations
  9677 | D:9      | Noticed an orc sorcerer
  9683 | D:9      | Killed an orc sorcerer
  9875 | D:9      | Noticed Maggie
  9882 | D:9      | Killed Maggie
  9886 | D:9      | Reached XP level 12. HP: 72/72 MP: 12/12
 10150 | D:9      | Reached *** piety under Hepliaklqana
 10381 | D:9      | Reached skill level 5 in Evocations
 10529 | D:10     | Entered Level 10 of the Dungeon
 10868 | D:10     | Found a staircase to the Lair.
 11158 | D:10     | Found a shimmering blue altar of Sif Muna.
 11501 | D:11     | Noticed Erica
 11532 | D:11     | Killed Erica
 11706 | D:11     | Found a runed translucent gate.
 11706 | D:11     | Found a runed translucent gate.
 11707 | D:11     | Found a runed translucent gate.
 11708 | D:11     | Noticed CougarLife's ghost (journeyman MiBe)
 11772 | D:11     | Noticed a boulder beetle
 11811 | D:11     | Killed a boulder beetle
 11851 | D:11     | Found a basalt altar of Yredelemnul.
 11904 | D:11     | Reached XP level 13. HP: 76/81 MP: 13/13
 12590 | D:12     | Noticed Lodul
 12596 | D:12     | Killed Lodul
 12819 | D:3      | Bought the +6 arbalest of the Hurting Soothsayer {penet,
                  | Str+3} for 708 gold pieces
 13107 | D:11     | Killed CougarLife's ghost
 13108 | D:11     | Reached skill level 15 in Fighting
 13263 | D:12     | Found a staircase to the Orcish Mines.
 13393 | D:12     | Identified the +0 falchion of the Fifty Souls {freeze, Fly
                  | Will+ Dex+3}
 13566 | D:13     | Reached **** piety under Hepliaklqana
 13619 | D:13     | Reached skill level 15 in Ranged Weapons
 13626 | D:13     | Noticed a centaur warrior
 13632 | D:13     | Killed a centaur warrior
 13784 | D:13     | Noticed Josephine
 13788 | D:13     | Killed Josephine
 13789 | D:13     | Reached skill level 1 in Spellcasting
 13789 | D:13     | Reached skill level 1 in Earth Magic
 13789 | D:13     | Reached skill level 1 in Alchemy
 13794 | D:13     | Learned a level 4 spell: Leda's Liquefaction
 14027 | D:13     | Noticed Kirke
 14030 | D:13     | Reached XP level 14. HP: 88/88 MP: 16/16
 14034 | D:13     | Killed Kirke
 14366 | D:13     | Found a blossoming altar of Fedhas.
 15054 | D:14     | Reached skill level 5 in Earth Magic
 15054 | D:14     | Reached skill level 5 in Alchemy
 15055 | D:14     | Reached ***** piety under Hepliaklqana
 15058 | D:14     | Identified the +9 short sword of Annihilation {heavy,
                  | rElec}
 15650 | D:14     | Found a gate to the Vaults.
 15672 | D:15     | Entered Level 15 of the Dungeon
 15797 | D:15     | Found a gate leading to a gauntlet.
 15803 | Gauntlet | Entered a Gauntlet
 15826 | Gauntlet | Found a transporter.
 15826 | Gauntlet | Found a transporter.
 15826 | Gauntlet | Noticed a quicksilver ooze
 15842 | Gauntlet | Found a transporter.
 15879 | Gauntlet | Found a transporter.
 15893 | Gauntlet | Found a transporter.
 15908 | Gauntlet | Found a transporter.
 15923 | Gauntlet | Found a transporter.
 15949 | Gauntlet | Found a transporter.
 15963 | Gauntlet | Found a transporter.
 15985 | Gauntlet | Found a transporter.
 16037 | Gauntlet | Identified the +0 pair of boots of the Immovable Prophets
                  | {Dex+3}
 16045 | Gauntlet | Killed a quicksilver ooze
 16105 | Gauntlet | Identified the +0 helmet of Faurehi {rF+ Str+3 Dex-4 SInv}
 16149 | Gauntlet | Noticed a minotaur
 16156 | Gauntlet | Killed a minotaur
 16163 | Gauntlet | Identified the scarf "Kujaseir" {repulsion, rC+}
 16283 | D:15     | Found a runed translucent gate.
 16283 | D:15     | Found a runed translucent gate.
 16283 | D:15     | Found a runed translucent gate.
 16578 | D:15     | Reached skill level 5 in Spellcasting
 16585 | D:15     | Reached XP level 15. HP: 92/92 MP: 22/22
 16914 | D:15     | Found a staircase to the Depths.
 17487 | Orc:1    | Entered Level 1 of the Orcish Mines
 17692 | Orc:1    | Found a transporter.
 17753 | Orc:1    | Found a transporter.
 18122 | Orc:2    | Entered Level 2 of the Orcish Mines
 18206 | Orc:2    | Found a staircase to the Elven Halls.
 18335 | Orc:2    | Found Wodeag's Firing Range.
 18608 | Orc:2    | Noticed Jorgrun
 18614 | Orc:2    | Killed Jorgrun
 18722 | Orc:2    | Found Tiagiaky's Magic Scroll Shop.
 18722 | Orc:2    | Found Gesefe's Assorted Antiques.
 18735 | Orc:2    | Found Ugudueq's Antique Armour Shop.
 18735 | Orc:2    | Found Pyn Sotwuemi's Antique Armour Shoppe.
 18744 | Orc:2    | Bought a potion of heal wounds for 175 gold pieces
 18746 | Orc:2    | Bought an ichor-stained robe for 159 gold pieces
 18746 | Orc:2    | Identified the +3 robe of Defence {Harm} (You bought it in
                  | a shop on level 2 of the Orcish Mines)
 18747 | Orc:2    | Bought a brightly glowing robe for 125 gold pieces
 18747 | Orc:2    | Identified the +1 robe of the Onion {*Corrode rElec rF-
                  | Regen+} (You bought it in a shop on level 2 of the Orcish
                  | Mines)
 18751 | Orc:2    | Bought a scroll of identify for 26 gold pieces
 18751 | Orc:2    | Bought a scroll of identify for 26 gold pieces
 18751 | Orc:2    | Bought a scroll of revelation for 97 gold pieces
 18751 | Orc:2    | Bought a scroll of silence for 123 gold pieces
 18980 | Lair:1   | Entered Level 1 of the Lair of Beasts
 19046 | Lair:1   | Learned a level 4 spell: Petrify
 19244 | Lair:1   | Reached ****** piety under Hepliaklqana
 19441 | Lair:1   | Found a transporter.
 19445 | Lair:1   | Found a transporter.
 20180 | Lair:1   | Noticed bakla's ghost (journeyman FeAl)
 20188 | Lair:1   | Killed bakla's ghost
 20439 | Lair:1   | Found a one-way gate to the infinite horrors of the Abyss.
 20505 | Lair:2   | Reached skill level 10 in Alchemy
 20508 | Lair:2   | Reached skill level 10 in Earth Magic
 20549 | Lair:2   | Reached skill level 1 in Invocations
 20549 | Lair:2   | Reached XP level 16. HP: 60/97 MP: 23/26
 20551 | Lair:2   | Found a staircase to the Shoals.
 20663 | Lair:2   | Found a staircase to the Snake Pit.
 20732 | Lair:2   | Reached skill level 5 in Invocations
 20947 | Lair:2   | Found a dark tunnel.
 20952 | Volcano  | Entered a volcano
 21972 | Lair:3   | Noticed Amaemon
 21979 | Lair:3   | Killed Amaemon
 22578 | Lair:4   | Noticed Nessos
 22582 | Lair:4   | Killed Nessos
 23019 | Lair:4   | Noticed Sonja
 23022 | Lair:4   | Killed Sonja
 23816 | Lair:5   | Entered Level 5 of the Lair of Beasts
 23831 | Lair:5   | Reached skill level 15 in Dodging
 23980 | Lair:5   | Gained mutation: You are somewhat resistant to further
                  | mutation. [potion of mutation]
 23980 | Lair:5   | Gained mutation: You expend magic power (3 MP) to
                  | strengthen your wands. [potion of mutation]
 24001 | Lair:5   | Reached XP level 17. HP: 60/101 MP: 25/27
 24250 | Lair:5   | Got Guoha Caf's Excursus on Last Rites
 24291 | Lair:5   | Reached skill level 10 in Evocations
 24702 | Lair:5   | Found a staircase to the Slime Pits.
 24706 | Lair:5   | Found a viscous altar of Jiyva.
 24780 | Lair:5   | Found the ring of the Octopus King
 24790 | Lair:5   | Identified a ring of the Octopus King {Fly HP+2 AC+2 EV+2
                  | SH+2}
 24967 | Lair:5   | Learned a level 4 spell: Dimensional Bullseye
 25107 | Shoals:1 | Entered Level 1 of the Shoals
 25113 | Shoals:1 | Noticed a kraken
 25163 | Shoals:1 | Killed a kraken
 25164 | Shoals:1 | Reached skill level 1 in Hexes
 25164 | Shoals:1 | Reached skill level 1 in Translocations
 25428 | Shoals:1 | Noticed a titan
 25436 | Shoals:1 | Killed a titan
 25658 | Shoals:1 | Found Waod's Armour Shoppe.
 25994 | Shoals:1 | Reached skill level 5 in Hexes
 25994 | Shoals:1 | Reached skill level 5 in Translocations
 26484 | Shoals:2 | Noticed Polyphemus
 26507 | Shoals:2 | Killed Polyphemus
 26748 | Shoals:2 | Found a transporter.
 26749 | Shoals:2 | Found a transporter.
 26750 | Shoals:2 | Noticed drugrobin's ghost (adept DgDe)
 26775 | Shoals:2 | Reached XP level 18. HP: 107/107 MP: 28/28
 26844 | Shoals:2 | Noticed Ilsuiw
 26882 | Shoals:2 | Killed Ilsuiw
 27570 | Shoals:2 | Noticed a kraken
 27595 | Shoals:2 | Killed a kraken
 27614 | Shoals:2 | Killed drugrobin's ghost
 27654 | Shoals:2 | Identified the ring "Voyq" {Will- MP+9 Int+7}
 27655 | Shoals:2 | Identified the +9 mace "Goblinbane" {flame, Str+4}
 28760 | Shoals:4 | Entered Level 4 of the Shoals
 29084 | Shoals:4 | Paralysed by a formless jellyfish for 1 turns
 29446 | Shoals:4 | Identified the staff of Qaeseh {Dex+2 Earth}
 29516 | Shoals:4 | HP: 2/109 [sea snake (14)]
 30172 | Shoals:4 | Got a barnacled rune of Zot
 30839 | Snake:1  | Entered Level 1 of the Snake Pit
 30862 | Snake:1  | Reached XP level 19. HP: 111/111 MP: 32/32
 31565 | Snake:1  | Identified the +1 robe of the Fife {rC+ SInv}
 31745 | Snake:1  | Found an opulent altar of Gozag.
 31820 | Snake:1  | Reached skill level 1 in Necromancy
 32554 | Snake:2  | Found Vudwugo's Magic Scroll Shoppe.
 32561 | Snake:2  | Bought a scroll of acquirement for 676 gold pieces
 32562 | Snake:2  | Acquired the +6 hand cannon of Causality {antimagic, rF+
                  | Will+}
 32593 | Snake:2  | Learned a level 3 spell: Fugue of the Fallen
 32597 | Snake:2  | Identified the serpent talisman of Brilliance {rCorr}
 32597 | Snake:2  | Noticed Aizul
 32612 | Snake:2  | Killed Aizul
 32613 | Snake:2  | Reached skill level 1 in Shields
 32631 | Snake:2  | Found Xurijyinn's Book Boutique.
 32648 | Snake:2  | Found Ynnyraidou's Book Boutique.
 32835 | Snake:2  | Found Pukh's General Store.
 32896 | Snake:2  | Found Ositogim's Assorted Antiques.
 33166 | Snake:2  | Bought a scroll of teleportation for 39 gold pieces
 33190 | Snake:3  | Noticed Donald
 33200 | Snake:3  | Killed Donald
 33348 | Snake:3  | Identified the +10 scimitar "Killer Klown's Death" {flame,
                  | MP+9 Dex+3}
 33409 | Snake:3  | Reached skill level 5 in Shields
 33453 | Snake:3  | Identified the +8 morningstar "Putz" {venom, *Slow rElec
                  | rN+ SInv}
 33687 | Snake:4  | Entered Level 4 of the Snake Pit
 33782 | Snake:4  | Noticed Saint Roka
 33796 | Snake:4  | Killed Saint Roka
 33853 | Snake:4  | Found Nilien's Jewellery Emporium.
 33853 | Snake:4  | Found Suis's Jewellery Emporium.
 33854 | Snake:4  | Found Ujoh Uce's Book Boutique.
 34014 | Snake:4  | Noticed Roxanne
 34028 | Snake:4  | Killed Roxanne
 34155 | Snake:4  | Identified the +5 quarterstaff of the Last Servitors
                  | {protect, *Rage rPois Str+3}
 34340 | Snake:4  | Killed themself with a badly aimed burst of rock shards

Illustrated notes

Levels and vault maps discovered:
D:1:      roadster_arrival_rocket_large, layout_basic, nrook_mini_vaults
D:2:      layout_basic, basic_altar
D:3:      layout_loops_ring, nicolae_qazlal_style_of_elements, serial_shops,
          nicolae_shop_tiny_real_fake_doors
D:4:      layout_rooms, mainiacjoe_overflow_concentric_impassable,
          minmay_temple_entry_gardened_gates, minivault_1, uniq_sigmund,
          uniq_robin, uniq_grinder, uniq_blork_the_orc
D:5:      layout_cave_pods, gammafunk_ghost_grave
D:6:      layout_loops_ring, minitemple
D:7:      layout_layer_cave, uniq_duvessa, uniq_joseph, uniq_maurice
D:8:      layout_rooms
D:9:      lemuel_castle_with_subvaults [lemuel_castle_interior_carwin_2],
          layout_irregular_city, uniq_maggie
D:10:     layout_cave_pools, tgw_sif, erik_lair_island
D:11:     layout_roguey, gammafunk_ghost_nasty_kobolds,
          nicolae_yredelemnul_corpse_copse, uniq_erica
D:12:     layout_rooms, hiddenorc1_lemuel, uniq_lodul
D:13:     layout_stronghold, fedhas_altar_4, uniq_josephine, uniq_kirke
D:14:     layout_roguey, hangedman_vaults_entry_quadrant_bands,
          amcnicky_mini_rare_corridor_liquid
D:15:     hangedman_depths_entry_civil_slaughter, layout_basic,
          ploomutoo_gammafunk_ghost_potion_laboratory,
          chequers_serial_rivers_micro_a, gauntlet_entry_generic,
          lemuel_flamethrower_2
Temple:   regret_index_temple_waves
Lair:1:   layout_layer_cave, gammafunk_ghost_abyssal_escape,
          beast_lair_carwin_5, grunt_megastairs_4
Lair:2:   layout_regular_city, minmay_shoals_entry_beasts,
          minmay_snake_entry_guardpost_small, enter_volcano_4
Lair:3:   layout_loops_ring, chequers_serial_rivers_marsh, uniq_amaemon
Lair:4:   layout_layer_cave, infiniplex_staircase_pool, uniq_sonja, uniq_nessos
Lair:5:   gammafunk_lair_ancient_temple, layout_gridlike,
          nicolae_slime_entry_field_trip, minmay_lair_drake_nest,
          serial_bayou_shore_a
Shoals:1: layout_shoals, serial_shops, shop, st_sunken_temple
Shoals:2: layout_shoals, ebering_ghost_davey_jones, uniq_ilsuiw, uniq_polyphemus
Shoals:3: layout_shoals, nicolae_shoals_hidden_pirate_stash
Shoals:4: shoals_end_hangedman, layout_shoals
Snake:1:  nicolae_snake_crotalidae_crossing, layout_chambers, basic_altar,
          grunt_megastairs_2
Snake:2:  layout_rooms, serial_shops, nicolae_shop_behind_doors, shop,
          nicolae_shop_just_a_little_nook, nicolae_take_the_stairs,
          nicolae_shop_behind_doors, uniq_aizul
Snake:3:  layout_misc_corridors, uniq_donald
Snake:4:  grunt_snake_rune_serpentine_throne, layout_cave_town,
          lemuel_fruit_tree, minmay_shop_grove, uniq_saint_roka, uniq_vashnia,
          uniq_roxanne
Orc:1:    layout_diamond_mine, gammafunk_ghost_arena
Orc:2:    grunt_orc_tribal_feast, layout_caves, nicolae_shop_firing_range,
          uniq_jorgrun

Skill      XL: |  1  2  3  4  5  6  7  8  9 10 11 12 13 14 15 16 17 18 19 |
---------------+----------------------------------------------------------+-----
Ranged Weapons | 6 7 8 9 10 12 16 | 16.7
Fighting       | 3 4 5 6 8 10 11 14 15 | 15.2
Dodging        | 8 11 13 15 16 | 16.6
Evocations     | 4 8 9 10 12 | 12.3
Spellcasting   | 1 5 7 9 |  9.2
Earth Magic    | 2 7 10 | 10.0
Alchemy        | 2 7 10 | 10.0
Invocations    | 1 9 |  9.0
Hexes          | 6 8 |  8.8
Translocations | 6 8 |  8.9
Necromancy     | 4 |  4.1
Shields        | 7 |  7.6
Stealth        | |  1.3

Action                     |  1- 3 |  4- 6 |  7- 9 | 10-12 | 13-15 | 16-18 | 19-21 || total
---------------------------+-------+-------+-------+-------+-------+-------+-------++-------
   Fire: Shortbow          |    81 |   106 |   306 |   744 |    71 |       |       ||  1308
         Arbalest          |       |       |       |       |   595 |  1007 |   138 ||  1740
         Hand cannon       |       |       |       |       |       |       |   264 ||   264
   Cast: Leda's Liquefacti |       |       |       |       |     1 |    11 |     2 ||    14
         Petrify           |       |       |       |       |       |     1 |       ||     1
         Dimensional Bulls |       |       |       |       |       |     7 |       ||     7
 Invoke: Recall Ancestor   |       |       |     1 |     4 |     2 |     1 |     1 ||     9
         Ancestor Life: Kn |       |       |       |     1 |       |       |       ||     1
         Transference      |       |       |       |       |       |     1 |       ||     1
         Idealise          |       |       |       |       |       |       |     1 ||     1
  Evoke: Wand              |       |       |     4 |     1 |     1 |     5 |       ||    11
         Phial of floods   |       |       |       |       |     1 |       |       ||     1
         Lightning rod     |       |       |       |       |       |     1 |       ||     1
         Tin of tremorston |       |       |       |       |       |     2 |     2 ||     4
         Sack of spiders   |       |       |       |       |       |     1 |       ||     1
    Use: Scroll            |     2 |     1 |     8 |     8 |     5 |     9 |     3 ||    36
         Potion            |     1 |     5 |     6 |     2 |     1 |    10 |       ||    25
 Armour: Leather armour    |    11 |    20 |    78 |    53 |       |       |       ||   162
         Skin              |       |       |    30 |       |       |       |       ||    30
         Troll leather arm |       |       |       |    82 |    91 |   231 |    74 ||   478
  Dodge: Dodged            |    18 |    16 |   112 |   329 |   295 |   847 |   270 ||  1887
         Repelled          |       |       |       |       |     3 |    14 |     8 ||    25
  Block: Other             |       |       |       |       |       |    26 |    11 ||    37
         Kite shield       |       |       |       |       |       |       |    96 ||    96
         Reflection        |       |       |       |       |       |       |    11 ||    11

Table legend: (Time is in decaauts)
 A = Elapsed time spent in this place.
 B = Non-inter-level travel time spent in this place.
 C = Inter-level travel time spent in this place.
 D = Time resting spent in this place.
 E = Time spent auto-exploring this place.
 F = Levels seen in this place.
 G = Mean time per level.
                   A        B        C        D        E       F      G
               +--------+--------+--------+--------+--------+-----+--------+
         Total |  34545 |  32423 |   2122 |   3368 |  23461 |  33 | 1046.8 |
       Dungeon |  16983 |  15587 |   1396 |   2311 |  10723 |  15 | 1132.2 |
        Temple |    134 |      1 |    133 |      0 |      0 |   1 |  134.0 |
          Lair |   5952 |   5747 |    205 |    384 |   4406 |   5 | 1190.4 |
        Shoals |   5769 |   5534 |    235 |    433 |   4233 |   4 | 1442.2 |
     Snake Pit |   3594 |   3539 |     55 |    175 |   2648 |   4 |  898.5 |
  Orcish Mines |   1437 |   1341 |     96 |     46 |   1049 |   2 |  718.5 |
       Volcano |    296 |    296 |      0 |      0 |    216 |   1 |  296.0 |
      Gauntlet |    376 |    376 |      0 |     18 |    185 |   1 |  376.0 |
               +--------+--------+--------+--------+--------+-----+--------+

Top non-repeatable levels by time:
Shoals:4: 2035 daAuts
     D:9: 2012 daAuts
 Snake:1: 1678 daAuts
     D:7: 1643 daAuts
     D:5: 1621 daAuts
  Lair:1: 1521 daAuts
    D:15: 1338 daAuts
Shoals:1: 1338 daAuts
Shoals:2: 1322 daAuts
  Lair:5: 1276 daAuts
  Lair:4: 1263 daAuts
    D:11: 1157 daAuts
    D:13: 1117 daAuts
    D:14: 1090 daAuts
     D:6: 1079 daAuts
